Maple Leafs vs Lightning
Created - May 22, 2023 at 22:28
Goals
|
| Maple Leafs |
0 |
1 |
0 |
1 |
| Lightning |
1 |
2 |
0 |
3 |
|
Shots
|
| Maple Leafs |
17 |
13 |
4 |
34 |
| Lightning |
18 |
10 |
11 |
39 |
|
1st period
1. Lightning , Artemi Panarin 34 (Evgeni Malkin 44, Michael Kostka 15) at 18:33
Penalties :
Zach Werenski (TOR) for Slashing (Minor) at 5:24, Evgeni Malkin (T.B) for Slashing (Minor) at 19:42
2nd period
2. Lightning , Evgeni Malkin 30 (John Carlson 44, Artemi Panarin 41) at 2:38 (PP)
3. Maple Leafs , Bo Horvat 14 (Zach Werenski 29) at 8:30
4. Lightning , Artemi Panarin 35 (Evgeni Malkin 45) at 17:53
Penalties :
Jon Merrill (TOR) for Hooking (Minor) at 0:44, Brenden Dillon (TOR) for Hooking (Minor) at 4:26, Shayne Gostisbehere (T.B) for Cross-checking (Minor) at 11:48, Andre Burakovsky (TOR) for Hooking (Minor) at 12:28
3rd period
No Goal
Penalties :
Brock Boeser (T.B) for Hooking (Minor) at 2:45, Brendan Lemieux (T.B) for Hooking (Minor) at 7:52, Jason Zucker (TOR) for Holding (Minor) at 13:47, Brent Seabrook (T.B) for High sticking (Minor) at 14:13
Goalie Stats
Martin Jones (TOR), 36 saves from 39 shots - (0.923), L, 15-16-1, 60:00 minutes
Alex Nedeljkovic (T.B), 33 saves from 34 shots - (0.971), W, 36-22-5, 60:00 minutes
Players Stats for Maple Leafs
Player Name G A P +/- PIM S H SB GA TA FO MP PP MP PK MP
------------------------------------------------------------------------------------
Andre Burakovsky 0 0 0 0 2 3 1 0 1 0 0/0 16:49 2:19 1:44
Bo Horvat 1 0 1 0 0 1 1 0 0 0 8/16 16:03 2:20 1:45
Brad Boyes 0 0 0 0 0 2 1 0 0 0 0/1 11:14 0:01 0:00
Brandon Saad 0 0 0 0 0 2 2 1 1 0 1/1 10:35 0:27 0:56
Brayden Schenn 0 0 0 -1 0 2 3 2 0 0 13/31 23:45 3:45 3:18
Brenden Dillon 0 0 0 -2 2 0 1 0 0 2 0/0 10:54 0:00 1:37
Brett Pesce 0 0 0 -2 0 0 0 0 0 0 0/0 10:52 0:00 1:12
Elias Pettersson 0 0 0 0 0 2 0 0 3 0 2/7 11:56 0:01 0:46
Evander Kane 0 0 0 -1 0 3 1 0 1 1 1/1 22:47 3:19 3:18
Jason Zucker 0 0 0 0 2 1 1 0 1 0 0/0 14:50 2:46 0:10
John Klingberg 0 0 0 0 0 2 0 1 0 0 0/0 30:45 4:05 2:18
Jon Merrill 0 0 0 0 2 0 1 4 0 1 0/0 28:40 4:04 2:02
Luke Schenn 0 0 0 1 0 2 2 0 0 0 0/0 19:01 2:01 3:02
Matt Duchene 0 0 0 -1 0 4 3 0 1 0 2/2 15:13 3:19 0:00
Patrice Cormier 0 0 0 0 0 1 2 0 0 0 2/4 7:29 0:00 0:00
Pontus Aberg 0 0 0 0 0 0 1 0 1 0 0/0 7:29 0:00 0:00
Tye McGinn 0 0 0 0 0 3 1 1 1 0 0/0 11:47 0:00 0:05
Zach Werenski 0 1 1 1 2 6 0 1 0 1 0/0 19:56 2:01 1:51
Players Stats for Lightning
Player Name G A P +/- PIM S H SB GA TA FO MP PP MP PK MP
------------------------------------------------------------------------------------
Alex Killorn 0 0 0 -1 0 1 0 0 0 0 0/0 8:14 0:00 0:49
Antoine Vermette 0 0 0 -1 0 0 0 0 0 0 2/3 8:06 0:00 0:41
Artemi Panarin 2 1 3 2 0 5 1 2 0 0 2/3 22:12 3:26 1:16
Ben Smith 0 0 0 0 0 5 1 1 1 0 1/2 16:35 0:35 3:39
Brendan Lemieux 0 0 0 0 2 4 1 0 0 1 2/3 15:40 2:23 1:30
Brent Seabrook 0 0 0 0 2 4 2 1 1 4 0/0 26:21 4:16 3:10
Brock Boeser 0 0 0 0 2 2 0 0 0 1 0/2 14:17 2:52 0:00
Evgeni Malkin 1 2 3 2 2 5 0 0 1 0 13/24 22:59 3:26 2:31
Jesper Fast 0 0 0 -1 0 0 1 0 0 0 1/1 6:38 0:00 0:00
Jimmy Vesey 0 0 0 0 0 2 0 0 0 1 0/0 10:48 0:05 0:15
Jiri Fischer 0 0 0 1 0 0 2 1 0 0 0/0 15:16 0:00 0:15
John Carlson 0 1 1 0 0 4 0 2 1 2 0/0 27:00 4:11 3:21
Kasperi Kapanen 0 0 0 2 0 0 2 1 0 0 0/0 18:44 2:41 0:15
Michael Kostka 0 1 1 0 0 2 0 0 0 0 0/0 17:13 0:12 2:41
Patrice Bergeron 0 0 0 0 0 0 0 0 0 0 5/9 11:45 0:00 1:16
Shayne Gostisbehere 0 0 0 0 2 2 1 0 0 0 0/0 16:56 1:44 2:01
Victor Hedman 0 0 0 1 0 1 0 0 0 1 0/0 18:39 1:50 0:44
Yanni Gourde 0 0 0 0 0 2 1 0 1 0 8/16 12:37 2:23 0:00
3 Stars
1 - Artemi Panarin (T.B)
2 - Alex Nedeljkovic (T.B)
3 - Evgeni Malkin (T.B)
Power Play
Maple Leafs - 0 on 5 Attempt(s) - 0.00%
Lightning - 1 on 5 Attempt(s) - 20.00%
Penalty Kill
Maple Leafs - 4 on 5 Attempt(s) - 80.00%
- Score 0 goal in Penalty Kill
Lightning - 5 on 5 Attempt(s) - 100.00%
- Score 0 goal in Penalty Kill
Team Stat
Maple Leafs - Hits : 21 - Faceoff Wins : 29 - Blocked Shots : 10 - Penalty Minutes : 10
Lightning - Hits : 12 - Faceoff Wins : 34 - Blocked Shots : 8 - Penalty Minutes : 10
Official
Referees : Tim Peel and Garrett Rank
Linesman : Michel Cormier and Ryan Gibbons
Game Notes
No Game Note
Finance
Level 1 -- Attendance: 6000 (100.00%) -- Ticket Income $600,000
Level 2 -- Attendance: 5000 (100.00%) -- Ticket Income $300,000
Level 3 -- Attendance: 2000 (100.00%) -- Ticket Income $70,000
Level 4 -- Attendance: 3579 (89.48%) -- Ticket Income $89,475
Luxury Box -- Attendance: 1000 (100.00%) -- Ticket Income $200,000
Game was played at the Amalie Arena.
Total Attendance: 17579 (97.66%)
Total Ticket Income: $1,259,475
Other Income: $188,921
Total Income: $1,448,396
Maple Leafs
5 vs 5 Forward
Center Left Wing Right Wing Time % Phy DF OF
1 Brayden Schenn Evander Kane Matt Duchene 40 1 1 3
2 Bo Horvat Tye McGinn Andre Burakovsky 30 1 2 2
3 Elias Pettersson Jason Zucker Brad Boyes 20 1 2 2
4 Patrice Cormier Brandon Saad Pontus Aberg 10 1 2 2
5 vs 5 Defense
Defense Defense Time % Phy DF OF
1 Jon Merrill John Klingberg 40 1 3 1
2 Luke Schenn Zach Werenski 30 1 3 1
3 Brenden Dillon Brett Pesce 20 1 3 1
4 Jon Merrill John Klingberg 10 1 3 1
PowerPlay Forward
Center Left Wing Right Wing Time % Phy DF OF
1 Brayden Schenn Evander Kane Matt Duchene 60 0 4 1
2 Bo Horvat Jason Zucker Andre Burakovsky 40 0 4 1
PowerPlay Defense
Defense Defense Time % Phy DF OF
1 Jon Merrill John Klingberg 60 0 2 3
2 Luke Schenn Zach Werenski 40 0 2 3
Penalty Kill 4 Players Forward
Center Wing Time % Phy DF OF
1 Brayden Schenn Evander Kane 60 1 3 1
2 Bo Horvat Andre Burakovsky 40 1 3 1
Penalty Kill 4 Players Defense
Defense Defense Time % Phy DF OF
1 Jon Merrill John Klingberg 60 1 4 0
2 Luke Schenn Zach Werenski 40 1 4 0
Penalty Kill - 3 Players Forward
Forward Time % Phy DF OF
1 Brayden Schenn 60 1 3 1
2 Bo Horvat 40 1 3 1
Penalty Kill - 3 Players Defense
Defense Defense Time % Phy DF OF
1 Jon Merrill John Klingberg 60 1 4 0
2 Luke Schenn Zach Werenski 40 1 4 0
4 vs 4 Forward
Center Wing Time % Phy DF OF
1 Brayden Schenn Evander Kane 60 1 2 2
2 Bo Horvat Andre Burakovsky 40 1 2 2
4 vs 4 Defense
Defense Defense Time % Phy DF OF
1 Jon Merrill John Klingberg 60 1 3 1
2 Luke Schenn Zach Werenski 40 1 3 1
Last Minutes Offensive
Center Left Wing Right Wing Defense Defense
Brayden Schenn Evander Kane Matt Duchene Jon Merrill John Klingberg
Last Minutes Defensive
Center Left Wing Right Wing Defense Defense
Brayden Schenn Evander Kane Matt Duchene Jon Merrill John Klingberg
Goaltenders
Starting : Martin Jones
Backup : Kristers Gudlevskis
Extra Forwards
Normal : Andre Burakovsky, Jason Zucker, Tye McGinn - PP : Andre Burakovsky, Jason Zucker - PK : Andre Burakovsky
Extra Defensemen
Normal : Zach Werenski, Brenden Dillon, Brett Pesce - PP : Zach Werenski - PK : Zach Werenski, Brenden Dillon
Penalty Shots
Matt Duchene, Evander Kane, Brayden Schenn, Bo Horvat, Andre Burakovsky
Scratches
Haydn Fleury (Broken Bone (Right Ankle) Injury)
Lightning
5 vs 5 Forward
Center Left Wing Right Wing Time % Phy DF OF
1 Evgeni Malkin Artemi Panarin Kasperi Kapanen 40 1 2 2
2 Yanni Gourde Brendan Lemieux Ben Smith 30 1 2 2
3 Patrice Bergeron Jimmy Vesey Brock Boeser 20 1 2 2
4 Antoine Vermette Alex Killorn Jesper Fast 10 1 2 2
5 vs 5 Defense
Defense Defense Time % Phy DF OF
1 John Carlson Brent Seabrook 40 1 2 2
2 Michael Kostka Shayne Gostisbehere 30 1 2 2
3 Victor Hedman Jiri Fischer 20 1 2 2
4 John Carlson Brent Seabrook 10 1 2 2
PowerPlay Forward
Center Left Wing Right Wing Time % Phy DF OF
1 Evgeni Malkin Artemi Panarin Kasperi Kapanen 60 1 2 2
2 Yanni Gourde Brendan Lemieux Brock Boeser 40 1 2 2
PowerPlay Defense
Defense Defense Time % Phy DF OF
1 John Carlson Brent Seabrook 60 1 2 2
2 Victor Hedman Shayne Gostisbehere 40 1 2 2
Penalty Kill 4 Players Forward
Center Wing Time % Phy DF OF
1 Evgeni Malkin Ben Smith 60 1 2 2
2 Patrice Bergeron Artemi Panarin 40 1 2 2
Penalty Kill 4 Players Defense
Defense Defense Time % Phy DF OF
1 John Carlson Brent Seabrook 60 1 2 2
2 Michael Kostka Shayne Gostisbehere 40 1 2 2
Penalty Kill - 3 Players Forward
Forward Time % Phy DF OF
1 Evgeni Malkin 60 1 2 2
2 Patrice Bergeron 40 1 2 2
Penalty Kill - 3 Players Defense
Defense Defense Time % Phy DF OF
1 John Carlson Brent Seabrook 60 1 2 2
2 Michael Kostka Shayne Gostisbehere 40 1 2 2
4 vs 4 Forward
Center Wing Time % Phy DF OF
1 Evgeni Malkin Artemi Panarin 60 1 2 2
2 Patrice Bergeron Ben Smith 40 1 2 2
4 vs 4 Defense
Defense Defense Time % Phy DF OF
1 John Carlson Brent Seabrook 60 1 2 2
2 Michael Kostka Shayne Gostisbehere 40 1 2 2
Last Minutes Offensive
Center Left Wing Right Wing Defense Defense
Evgeni Malkin Artemi Panarin Kasperi Kapanen John Carlson Shayne Gostisbehere
Last Minutes Defensive
Center Left Wing Right Wing Defense Defense
Evgeni Malkin Artemi Panarin Ben Smith John Carlson Brent Seabrook
Goaltenders
Starting : Alex Nedeljkovic
Backup : Jimmy Howard
Extra Forwards
Normal : Brock Boeser, Kasperi Kapanen, Jimmy Vesey - PP : Jimmy Vesey, Kasperi Kapanen - PK : Brendan Lemieux
Extra Defensemen
Normal : Shayne Gostisbehere, Victor Hedman, Jiri Fischer - PP : Shayne Gostisbehere - PK : Shayne Gostisbehere, Victor Hedman
Penalty Shots
Evgeni Malkin, Patrice Bergeron, Artemi Panarin, Yanni Gourde, Kasperi Kapanen
Scratches
Scott Mayfield (Healthy)
% Time on Ice - Maple Leafs
Lines # - Real PCT - Wanted PCT - Time Play
Normal Forward
1 - 33% - 40% - 14:26
2 - 27% - 30% - 11:52
3 - 23% - 20% - 10:17
4 - 17% - 10% - 7:29
Normal Defense
1 - 43% - 40% - 19:07
2 - 32% - 30% - 14:04
3 - 21% - 20% - 9:14
4 - 4% - 10% - 1:39
PP Forward
1 - 62% - 60% - 3:46
2 - 38% - 40% - 2:20
PP Defense
1 - 67% - 60% - 4:05
2 - 33% - 40% - 2:01
PK Forward
1 - 71% - 60% - 4:16
2 - 29% - 40% - 1:45
PK Defense
1 - 50% - 60% - 2:59
2 - 50% - 40% - 3:02
PK3 Forward
1 - 0% - 60%
2 - 0% - 40%
PK3 Defense
1 - 0% - 60%
2 - 0% - 40%
44 Forward
1 - 83% - 60% - 3:09
2 - 17% - 40% - 0:40
44 Defense
1 - 72% - 60% - 2:45
2 - 28% - 40% - 1:04
Last Minute Offensive - 0:00
Last Minute Defensive - 0:00
Total
Forward - 60:00
Defense - 60:00
|
% Time on Ice - Lightning
Lines # - Real PCT - Wanted PCT - Time Play
Normal Forward
1 - 39% - 40% - 17:23
2 - 23% - 30% - 10:14
3 - 22% - 20% - 9:49
4 - 15% - 10% - 6:38
Normal Defense
1 - 37% - 40% - 16:30
2 - 30% - 30% - 13:13
3 - 32% - 20% - 13:57
4 - 1% - 10% - 0:24
PP Forward
1 - 60% - 60% - 3:38
2 - 40% - 40% - 2:23
PP Defense
1 - 70% - 60% - 4:11
2 - 30% - 40% - 1:50
PK Forward
1 - 79% - 60% - 4:50
2 - 21% - 40% - 1:16
PK Defense
1 - 59% - 60% - 3:36
2 - 41% - 40% - 2:30
PK3 Forward
1 - 0% - 60%
2 - 0% - 40%
PK3 Defense
1 - 0% - 60%
2 - 0% - 40%
44 Forward
1 - 83% - 60% - 3:09
2 - 17% - 40% - 0:40
44 Defense
1 - 80% - 60% - 3:04
2 - 20% - 40% - 0:45
Last Minute Offensive - 0:00
Last Minute Defensive - 0:00
Total
Forward - 60:00
Defense - 60:00
|
Play-by-Play
1st period
0:01 of 1st period - Evgeni Malkin wins face-off versus Brayden Schenn in neutral zone.
0:31 of 1st period - Snap shot by Brad Boyes.
0:31 of 1st period - Stopped by Alex Nedeljkovic with a rebound.
0:41 of 1st period - Wrist shot by Evgeni Malkin.
0:41 of 1st period - Shot Misses the Net.
0:43 of 1st period - Slapshot by Brent Seabrook.
0:43 of 1st period - Stopped by Martin Jones with a rebound.
0:45 of 1st period - Slapshot by John Carlson.
0:45 of 1st period - Stopped by Martin Jones with a rebound.
0:47 of 1st period - Slapshot by Brent Seabrook.
0:47 of 1st period - Shot Misses the Net.
0:49 of 1st period - Snap shot by Evgeni Malkin.
0:49 of 1st period - Stopped by Martin Jones with a rebound.
0:51 of 1st period - Snap shot by Artemi Panarin.
0:51 of 1st period - Shot Misses the Net.
0:53 of 1st period - Slapshot by Artemi Panarin.
0:53 of 1st period - Shot Blocked by Zach Werenski.
0:55 of 1st period - Snap shot by Brent Seabrook.
0:55 of 1st period - Stopped by Martin Jones without a rebound.
0:56 of 1st period - Bo Horvat wins face-off versus Yanni Gourde in Maple Leafs zone.
1:01 of 1st period - Wrist shot by Tye McGinn.
1:01 of 1st period - Stopped by Alex Nedeljkovic with a rebound.
1:05 of 1st period - Snap shot by Bo Horvat.
1:05 of 1st period - Shot Misses the Net.
1:07 of 1st period - Snap shot by Andre Burakovsky.
1:07 of 1st period - Shot Misses the Net.
1:09 of 1st period - Wrist shot by Andre Burakovsky.
1:09 of 1st period - Stopped by Alex Nedeljkovic with a rebound.
1:25 of 1st period - Wrist shot by Matt Duchene.
1:25 of 1st period - Stopped by Alex Nedeljkovic without a rebound.
1:26 of 1st period - Brayden Schenn wins face-off versus Patrice Bergeron in Lightning zone.
2:05 of 1st period - Wrist shot by Evander Kane.
2:05 of 1st period - Shot Blocked by Jiri Fischer.
2:07 of 1st period - Snap shot by Brayden Schenn.
2:07 of 1st period - Deflect By Matt Duchene.
2:07 of 1st period - Shot Misses the Net.
2:07 of 1st period - Puck is out of play.
2:08 of 1st period - Yanni Gourde wins face-off versus Bo Horvat in Lightning zone.
2:08 of 1st period - Yanni Gourde is hit by Andre Burakovsky.
2:16 of 1st period - Snap shot by Andre Burakovsky.
2:16 of 1st period - Shot Misses the Net.
2:18 of 1st period - Snap shot by Tye McGinn.
2:18 of 1st period - Stopped by Alex Nedeljkovic with a rebound.
2:20 of 1st period - Wrist shot by Bo Horvat.
2:20 of 1st period - Deflect By John Carlson.
2:20 of 1st period - Shot Hit the Post.
2:20 of 1st period - Puck is out of play.
2:21 of 1st period - Patrice Cormier wins face-off versus Patrice Bergeron in Lightning zone.
2:28 of 1st period - Snap shot by Brandon Saad.
2:28 of 1st period - Stopped by Alex Nedeljkovic without a rebound.
2:29 of 1st period - Brandon Saad wins face-off versus Patrice Bergeron in Lightning zone.
2:32 of 1st period - Slapshot by Brandon Saad.
2:32 of 1st period - Stopped by Alex Nedeljkovic with a rebound.
2:48 of 1st period - Jimmy Vesey is hit by Patrice Cormier and loses puck.
3:53 of 1st period - Brock Boeser is hit by Pontus Aberg and loses puck.
4:26 of 1st period - Slapshot by Shayne Gostisbehere.
4:26 of 1st period - Stopped by Martin Jones with a rebound.
4:40 of 1st period - Backhand shot by Jimmy Vesey.
4:40 of 1st period - Shot Misses the Net.
4:42 of 1st period - Snap shot by Jimmy Vesey.
4:42 of 1st period - Stopped by Martin Jones without a rebound.
4:43 of 1st period - Bo Horvat wins face-off versus Evgeni Malkin in Maple Leafs zone.
4:43 of 1st period - Bo Horvat is hit by Kasperi Kapanen.
5:24 of 1st period - Minor Penalty to Zach Werenski for Slashing.
5:25 of 1st period - Brayden Schenn wins face-off versus Evgeni Malkin in Maple Leafs zone.
5:40 of 1st period - Slapshot by John Carlson.
5:40 of 1st period - Shot Misses the Net.
6:41 of 1st period - Off-side.
6:42 of 1st period - Yanni Gourde wins face-off versus Elias Pettersson in neutral zone.
7:24 of 1st period - Penalty to Zach Werenski is over, Zach Werenski is back on ice.
8:12 of 1st period - Jiri Fischer is hit by Brandon Saad and loses puck.
9:07 of 1st period - John Klingberg is hit by Jiri Fischer.
9:26 of 1st period - Slapshot by Evgeni Malkin.
9:26 of 1st period - Shot Blocked by Tye McGinn.
9:28 of 1st period - Snap shot by Victor Hedman.
9:28 of 1st period - Deflect By Zach Werenski.
9:28 of 1st period - Stopped by Martin Jones without a rebound.
9:29 of 1st period - Antoine Vermette wins face-off versus Brayden Schenn in Maple Leafs zone.
9:59 of 1st period - Ben Smith is hit by Brayden Schenn and loses puck.
10:23 of 1st period - Wrist shot by Brendan Lemieux.
10:23 of 1st period - Deflect By Brayden Schenn.
10:23 of 1st period - Stopped by Martin Jones with a rebound.
10:25 of 1st period - Slapshot by Michael Kostka.
10:25 of 1st period - Stopped by Martin Jones with a rebound.
10:31 of 1st period - Slapshot by Ben Smith.
10:31 of 1st period - Stopped by Martin Jones without a rebound.
10:32 of 1st period - Artemi Panarin wins face-off versus Elias Pettersson in Maple Leafs zone.
10:33 of 1st period - Wrist shot by Evgeni Malkin.
10:33 of 1st period - Stopped by Martin Jones without a rebound.
10:34 of 1st period - Evgeni Malkin wins face-off versus Elias Pettersson in Maple Leafs zone.
10:35 of 1st period - Wrist shot by Artemi Panarin.
10:35 of 1st period - Stopped by Martin Jones with a rebound.
10:40 of 1st period - Off-side.
10:41 of 1st period - Elias Pettersson wins face-off versus Evgeni Malkin in neutral zone.
10:48 of 1st period - Snap shot by Jason Zucker.
10:48 of 1st period - Deflect By Elias Pettersson.
10:48 of 1st period - Stopped by Alex Nedeljkovic with a rebound.
10:50 of 1st period - Slapshot by Zach Werenski.
10:50 of 1st period - Shot Blocked by Brent Seabrook.
10:52 of 1st period - Wrist shot by Brad Boyes.
10:52 of 1st period - Shot Misses the Net.
10:54 of 1st period - Slapshot by Zach Werenski.
10:54 of 1st period - Stopped by Alex Nedeljkovic with a rebound.
11:18 of 1st period - Luke Schenn is hit by Brent Seabrook and loses puck.
11:31 of 1st period - Snap shot by Elias Pettersson.
11:31 of 1st period - Shot Blocked by Kasperi Kapanen.
11:33 of 1st period - Wrist shot by Elias Pettersson.
11:33 of 1st period - Shot Blocked by John Carlson.
11:35 of 1st period - Slapshot by Luke Schenn.
11:35 of 1st period - Shot Blocked by Artemi Panarin.
12:10 of 1st period - Slapshot by Zach Werenski.
12:10 of 1st period - Shot Blocked by John Carlson.
12:12 of 1st period - Snap shot by Jason Zucker.
12:12 of 1st period - Shot Misses the Net.
12:38 of 1st period - Slapshot by Jason Zucker.
12:38 of 1st period - Stopped by Alex Nedeljkovic without a rebound.
12:39 of 1st period - Yanni Gourde wins face-off versus Brayden Schenn in Lightning zone.
12:46 of 1st period - Snap shot by Ben Smith.
12:46 of 1st period - Deflect By Matt Duchene.
12:46 of 1st period - Shot Misses the Net.
12:46 of 1st period - Puck is out of play.
12:47 of 1st period - Brayden Schenn wins face-off versus Yanni Gourde in Maple Leafs zone.
13:03 of 1st period - Jon Merrill is hit by Yanni Gourde and loses puck.
13:16 of 1st period - Snap shot by Brendan Lemieux.
13:16 of 1st period - Stopped by Martin Jones with a rebound.
13:36 of 1st period - Wrist shot by Brendan Lemieux.
13:36 of 1st period - Shot Misses the Net.
14:28 of 1st period - Snap shot by Yanni Gourde.
14:28 of 1st period - Stopped by Martin Jones with a rebound.
14:30 of 1st period - Wrist shot by Ben Smith.
14:30 of 1st period - Stopped by Martin Jones without a rebound.
14:31 of 1st period - Jesper Fast wins face-off versus Bo Horvat in Maple Leafs zone.
15:01 of 1st period - Wrist shot by Jimmy Vesey.
15:01 of 1st period - Deflect By Brock Boeser.
15:01 of 1st period - Shot Misses the Net.
15:01 of 1st period - Puck is out of play.
15:02 of 1st period - Patrice Bergeron wins face-off versus Patrice Cormier in Maple Leafs zone.
15:55 of 1st period - Slapshot by Brett Pesce.
15:55 of 1st period - Shot Misses the Net.
16:01 of 1st period - Slapshot by John Carlson.
16:01 of 1st period - Stopped by Martin Jones without a rebound.
16:02 of 1st period - Bo Horvat wins face-off versus Evgeni Malkin in Maple Leafs zone.
16:07 of 1st period - Snap shot by Tye McGinn.
16:07 of 1st period - Shot Misses the Net.
16:19 of 1st period - Wrist shot by Evgeni Malkin.
16:19 of 1st period - Stopped by Martin Jones without a rebound.
16:20 of 1st period - Brayden Schenn wins face-off versus Antoine Vermette in Maple Leafs zone.
18:11 of 1st period - Slapshot by Andre Burakovsky.
18:11 of 1st period - Deflect By Tye McGinn.
18:11 of 1st period - Stopped by Alex Nedeljkovic with a rebound.
18:13 of 1st period - Slapshot by Jon Merrill.
18:13 of 1st period - Shot Misses the Net.
18:15 of 1st period - Snap shot by Andre Burakovsky.
18:15 of 1st period - Deflect By Bo Horvat.
18:15 of 1st period - Shot Misses the Net.
18:15 of 1st period - Puck is out of play.
18:16 of 1st period - Brayden Schenn wins face-off versus Evgeni Malkin in Lightning zone.
18:21 of 1st period - Snap shot by Evander Kane.
18:21 of 1st period - Stopped by Alex Nedeljkovic with a rebound.
18:33 of 1st period - Snap shot by Artemi Panarin.
18:33 of 1st period - Goal by Artemi Panarin - Maple Leafs : 0 - Lightning : 1.
18:34 of 1st period - Evgeni Malkin wins face-off versus Brayden Schenn in neutral zone.
19:24 of 1st period - Icing by Victor Hedman.
19:25 of 1st period - Patrice Bergeron wins face-off versus Patrice Cormier in Lightning zone.
19:25 of 1st period - Patrice Bergeron is hit by Patrice Cormier.
19:31 of 1st period - Wrist shot by Patrice Cormier.
19:31 of 1st period - Stopped by Alex Nedeljkovic without a rebound.
19:32 of 1st period - Brayden Schenn wins face-off versus Evgeni Malkin in Lightning zone.
19:39 of 1st period - Snap shot by Brayden Schenn.
19:39 of 1st period - Stopped by Alex Nedeljkovic without a rebound.
19:40 of 1st period - Artemi Panarin wins face-off versus Brayden Schenn in Lightning zone.
19:42 of 1st period - Minor Penalty to Evgeni Malkin for Slashing.
19:43 of 1st period - Brayden Schenn wins face-off versus Brendan Lemieux in Lightning zone.
19:55 of 1st period - Slapshot by Matt Duchene.
19:55 of 1st period - Stopped by Alex Nedeljkovic with a rebound.
19:57 of 1st period - Snap shot by Matt Duchene.
19:57 of 1st period - Stopped by Alex Nedeljkovic with a rebound.
19:59 of 1st period - Wrist shot by Brayden Schenn.
19:59 of 1st period - Stopped by Alex Nedeljkovic without a rebound.
Goals for this period are 0 for Maple Leafs vs 1 for Lightning.
Shots for this period are 17 for Maple Leafs vs 18 for Lightning.
2nd period
0:01 of 2nd period - Ben Smith wins face-off versus Brayden Schenn in neutral zone.
0:05 of 2nd period - Off-side.
0:06 of 2nd period - Brendan Lemieux wins face-off versus Brayden Schenn in neutral zone.
0:14 of 2nd period - Snap shot by Matt Duchene.
0:14 of 2nd period - Shot Misses the Net.
0:16 of 2nd period - Wrist shot by Matt Duchene.
0:16 of 2nd period - Stopped by Alex Nedeljkovic without a rebound.
0:17 of 2nd period - Brendan Lemieux wins face-off versus Brayden Schenn in Lightning zone.
0:44 of 2nd period - Minor Penalty to Jon Merrill for Hooking.
0:45 of 2nd period - Brayden Schenn wins face-off versus Brock Boeser in Maple Leafs zone.
0:50 of 2nd period - Slapshot by John Klingberg.
0:50 of 2nd period - Stopped by Alex Nedeljkovic without a rebound.
0:51 of 2nd period - Brayden Schenn wins face-off versus Brock Boeser in Lightning zone.
1:02 of 2nd period - Brent Seabrook is hit by Brayden Schenn.
1:42 of 2nd period - Penalty to Evgeni Malkin is over, Evgeni Malkin is back on ice.
1:48 of 2nd period - Snap shot by Evander Kane.
1:48 of 2nd period - Shot Misses the Net.
2:38 of 2nd period - Snap shot by Evgeni Malkin.
2:38 of 2nd period - Goal by Evgeni Malkin - Maple Leafs : 0 - Lightning : 2.
2:39 of 2nd period - Yanni Gourde wins face-off versus Bo Horvat in neutral zone.
3:12 of 2nd period - Wrist shot by Antoine Vermette.
3:12 of 2nd period - Shot Blocked by Jon Merrill.
3:30 of 2nd period - Kasperi Kapanen is hit by Matt Duchene.
3:42 of 2nd period - Kasperi Kapanen is hit by Brandon Saad and loses puck.
4:01 of 2nd period - Victor Hedman is hit by Jason Zucker and loses puck.
4:26 of 2nd period - Minor Penalty to Brenden Dillon for Hooking.
4:27 of 2nd period - Brayden Schenn wins face-off versus Evgeni Malkin in Maple Leafs zone.
6:26 of 2nd period - Penalty to Brenden Dillon is over, Brenden Dillon is back on ice.
6:57 of 2nd period - Snap shot by Jimmy Vesey.
6:57 of 2nd period - Shot Misses the Net.
8:04 of 2nd period - Kasperi Kapanen is hit by Brayden Schenn and loses puck.
8:30 of 2nd period - Backhand shot by Bo Horvat.
8:30 of 2nd period - Goal by Bo Horvat - Maple Leafs : 1 - Lightning : 2.
8:31 of 2nd period - Evander Kane wins face-off versus Evgeni Malkin in neutral zone.
8:38 of 2nd period - Wrist shot by Evander Kane.
8:38 of 2nd period - Shot Blocked by Artemi Panarin.
8:40 of 2nd period - Slapshot by Luke Schenn.
8:40 of 2nd period - Stopped by Alex Nedeljkovic without a rebound.
8:41 of 2nd period - Evgeni Malkin wins face-off versus Brayden Schenn in Lightning zone.
8:41 of 2nd period - Evgeni Malkin is hit by Matt Duchene.
9:45 of 2nd period - Wrist shot by Evander Kane.
9:45 of 2nd period - Stopped by Alex Nedeljkovic with a rebound.
9:47 of 2nd period - Snap shot by Zach Werenski.
9:47 of 2nd period - Stopped by Alex Nedeljkovic with a rebound.
9:49 of 2nd period - Slapshot by Zach Werenski.
9:49 of 2nd period - Deflect By Jiri Fischer.
9:49 of 2nd period - Stopped by Alex Nedeljkovic with a rebound.
9:51 of 2nd period - Slapshot by Zach Werenski.
9:51 of 2nd period - Stopped by Alex Nedeljkovic with a rebound.
10:13 of 2nd period - Snap shot by Evander Kane.
10:13 of 2nd period - Stopped by Alex Nedeljkovic without a rebound.
10:14 of 2nd period - Bo Horvat wins face-off versus Yanni Gourde in Lightning zone.
10:41 of 2nd period - Brent Seabrook is hit by Brenden Dillon and loses puck.
11:48 of 2nd period - Minor Penalty to Shayne Gostisbehere for Cross-checking.
11:49 of 2nd period - Evgeni Malkin wins face-off versus Bo Horvat in Lightning zone.
12:16 of 2nd period - Zach Werenski is hit by Artemi Panarin and loses puck.
12:23 of 2nd period - Backhand shot by Artemi Panarin.
12:23 of 2nd period - Stopped by Martin Jones with a rebound.
12:25 of 2nd period - Slapshot by Brent Seabrook.
12:25 of 2nd period - Stopped by Martin Jones without a rebound.
12:26 of 2nd period - Bo Horvat wins face-off versus Evgeni Malkin in Maple Leafs zone.
12:28 of 2nd period - Minor Penalty to Andre Burakovsky for Hooking.
12:29 of 2nd period - Evgeni Malkin wins face-off versus Brayden Schenn in Maple Leafs zone.
12:31 of 2nd period - Wrist shot by Artemi Panarin.
12:31 of 2nd period - Shot Misses the Net.
12:33 of 2nd period - Snap shot by John Carlson.
12:33 of 2nd period - Shot Blocked by Jon Merrill.
12:35 of 2nd period - Slapshot by John Carlson.
12:35 of 2nd period - Stopped by Martin Jones with a rebound.
13:48 of 2nd period - Penalty to Shayne Gostisbehere is over, Shayne Gostisbehere is back on ice.
13:59 of 2nd period - Wrist shot by Shayne Gostisbehere.
13:59 of 2nd period - Stopped by Martin Jones without a rebound.
14:00 of 2nd period - Yanni Gourde wins face-off versus Bo Horvat in Maple Leafs zone.
14:01 of 2nd period - Slapshot by Brent Seabrook.
14:01 of 2nd period - Stopped by Martin Jones without a rebound.
14:02 of 2nd period - Bo Horvat wins face-off versus Yanni Gourde in Maple Leafs zone.
14:17 of 2nd period - Snap shot by Brendan Lemieux.
14:17 of 2nd period - Shot Misses the Net.
14:28 of 2nd period - Penalty to Andre Burakovsky is over, Andre Burakovsky is back on ice.
15:12 of 2nd period - Slapshot by Zach Werenski.
15:12 of 2nd period - Stopped by Alex Nedeljkovic with a rebound.
15:14 of 2nd period - Slapshot by Zach Werenski.
15:14 of 2nd period - Shot Blocked by Ben Smith.
15:16 of 2nd period - Slapshot by Luke Schenn.
15:16 of 2nd period - Deflect By Yanni Gourde.
15:16 of 2nd period - Stopped by Alex Nedeljkovic with a rebound.
15:18 of 2nd period - Backhand shot by Brayden Schenn.
15:18 of 2nd period - Shot Misses the Net.
15:22 of 2nd period - Slapshot by Evander Kane.
15:22 of 2nd period - Shot Misses the Net.
15:24 of 2nd period - Snap shot by Zach Werenski.
15:24 of 2nd period - Stopped by Alex Nedeljkovic with a rebound.
15:26 of 2nd period - Wrist shot by Andre Burakovsky.
15:26 of 2nd period - Stopped by Alex Nedeljkovic without a rebound.
15:27 of 2nd period - Evgeni Malkin wins face-off versus Elias Pettersson in Lightning zone.
15:31 of 2nd period - Victor Hedman is hit by Brad Boyes and loses puck.
15:42 of 2nd period - Wrist shot by Artemi Panarin.
15:42 of 2nd period - Shot Blocked by Jon Merrill.
16:00 of 2nd period - Patrice Cormier is hit by Ben Smith.
16:22 of 2nd period - Slapshot by John Klingberg.
16:22 of 2nd period - Shot Misses the Net.
16:36 of 2nd period - Jason Zucker is hit by Jesper Fast and loses puck.
17:10 of 2nd period - Wrist shot by Yanni Gourde.
17:10 of 2nd period - Stopped by Martin Jones without a rebound.
17:11 of 2nd period - Yanni Gourde wins face-off versus Brayden Schenn in Maple Leafs zone.
17:28 of 2nd period - Snap shot by Brock Boeser.
17:28 of 2nd period - Stopped by Martin Jones with a rebound.
17:53 of 2nd period - Snap shot by Artemi Panarin.
17:53 of 2nd period - Goal by Artemi Panarin - Maple Leafs : 1 - Lightning : 3.
17:54 of 2nd period - Evgeni Malkin wins face-off versus Brayden Schenn in neutral zone.
18:07 of 2nd period - Wrist shot by Artemi Panarin.
18:07 of 2nd period - Stopped by Martin Jones without a rebound.
18:08 of 2nd period - Evgeni Malkin wins face-off versus Brayden Schenn in Maple Leafs zone.
Goals for this period are 1 for Maple Leafs vs 2 for Lightning.
Shots for this period are 13 for Maple Leafs vs 10 for Lightning.
3rd period
0:01 of 3rd period - Yanni Gourde wins face-off versus Brayden Schenn in neutral zone.
0:06 of 3rd period - Wrist shot by Yanni Gourde.
0:06 of 3rd period - Shot Misses the Net.
0:10 of 3rd period - Slapshot by John Carlson.
0:10 of 3rd period - Deflect By Yanni Gourde.
0:10 of 3rd period - Shot Misses the Net.
0:10 of 3rd period - Puck is out of play.
0:11 of 3rd period - Yanni Gourde wins face-off versus Brayden Schenn in Maple Leafs zone.
0:36 of 3rd period - Brent Seabrook is hit by Tye McGinn.
0:40 of 3rd period - Snap shot by Andre Burakovsky.
0:40 of 3rd period - Shot Misses the Net.
1:04 of 3rd period - Michael Kostka is hit by Luke Schenn and loses puck.
1:22 of 3rd period - Ben Smith is hit by Evander Kane and loses puck.
1:52 of 3rd period - Icing by Victor Hedman.
1:53 of 3rd period - Evgeni Malkin wins face-off versus Brayden Schenn in Lightning zone.
1:53 of 3rd period - Evgeni Malkin is hit by Matt Duchene.
2:22 of 3rd period - Victor Hedman is hit by Jon Merrill.
2:45 of 3rd period - Minor Penalty to Brock Boeser for Hooking.
2:46 of 3rd period - Evgeni Malkin wins face-off versus Brayden Schenn in Lightning zone.
3:17 of 3rd period - John Carlson is hit by Bo Horvat and loses puck.
4:45 of 3rd period - Penalty to Brock Boeser is over, Brock Boeser is back on ice.
5:04 of 3rd period - Slapshot by Shayne Gostisbehere.
5:04 of 3rd period - Shot Blocked by Brandon Saad.
5:08 of 3rd period - Slapshot by Michael Kostka.
5:08 of 3rd period - Deflect By Brett Pesce.
5:08 of 3rd period - Stopped by Martin Jones with a rebound.
5:10 of 3rd period - Wrist shot by Alex Killorn.
5:10 of 3rd period - Stopped by Martin Jones with a rebound.
5:12 of 3rd period - Wrist shot by Alex Killorn.
5:12 of 3rd period - Deflect By Brandon Saad.
5:12 of 3rd period - Shot Misses the Net.
5:12 of 3rd period - Puck is out of play.
5:13 of 3rd period - Evgeni Malkin wins face-off versus Brad Boyes in Maple Leafs zone.
6:41 of 3rd period - Wrist shot by Brad Boyes.
6:41 of 3rd period - Stopped by Alex Nedeljkovic with a rebound.
6:54 of 3rd period - Off-side.
6:55 of 3rd period - Bo Horvat wins face-off versus Yanni Gourde in neutral zone.
7:03 of 3rd period - Bo Horvat is hit by Brendan Lemieux and loses puck.
7:08 of 3rd period - Snap shot by Brendan Lemieux.
7:08 of 3rd period - Stopped by Martin Jones without a rebound.
7:09 of 3rd period - Matt Duchene wins face-off versus Artemi Panarin in Maple Leafs zone.
7:35 of 3rd period - Brendan Lemieux is hit by Luke Schenn and loses puck.
7:52 of 3rd period - Minor Penalty to Brendan Lemieux for Hooking.
7:53 of 3rd period - Brayden Schenn wins face-off versus Ben Smith in Lightning zone.
9:52 of 3rd period - Penalty to Brendan Lemieux is over, Brendan Lemieux is back on ice.
10:45 of 3rd period - Tye McGinn is hit by Kasperi Kapanen and loses puck.
11:18 of 3rd period - John Klingberg is hit by Jiri Fischer and loses puck.
11:40 of 3rd period - Icing by Patrice Cormier.
11:41 of 3rd period - Patrice Cormier wins face-off versus Yanni Gourde in Maple Leafs zone.
11:46 of 3rd period - Slapshot by Brendan Lemieux.
11:46 of 3rd period - Shot Misses the Net.
11:48 of 3rd period - Wrist shot by Ben Smith.
11:48 of 3rd period - Shot Misses the Net.
11:50 of 3rd period - Snap shot by Ben Smith.
11:50 of 3rd period - Stopped by Martin Jones with a rebound.
11:56 of 3rd period - Wrist shot by Ben Smith.
11:56 of 3rd period - Stopped by Martin Jones without a rebound.
11:57 of 3rd period - Bo Horvat wins face-off versus Evgeni Malkin in Maple Leafs zone.
12:37 of 3rd period - Tye McGinn is hit by Brent Seabrook and loses puck.
12:46 of 3rd period - Backhand shot by Evgeni Malkin.
12:46 of 3rd period - Shot Misses the Net.
13:04 of 3rd period - Snap shot by Andre Burakovsky.
13:04 of 3rd period - Stopped by Alex Nedeljkovic without a rebound.
13:05 of 3rd period - Matt Duchene wins face-off versus Yanni Gourde in Lightning zone.
13:30 of 3rd period - Zach Werenski is hit by Shayne Gostisbehere and loses puck.
13:47 of 3rd period - Minor Penalty to Jason Zucker for Holding.
13:48 of 3rd period - Brayden Schenn wins face-off versus Yanni Gourde in Maple Leafs zone.
13:59 of 3rd period - Slapshot by Brent Seabrook.
13:59 of 3rd period - Deflect By Brendan Lemieux.
13:59 of 3rd period - Shot Blocked by Brayden Schenn.
13:59 of 3rd period - Puck is out of play.
14:00 of 3rd period - Brayden Schenn wins face-off versus Evgeni Malkin in Maple Leafs zone.
14:13 of 3rd period - Minor Penalty to Brent Seabrook for High sticking.
14:14 of 3rd period - Evgeni Malkin wins face-off versus Brayden Schenn in Lightning zone.
15:47 of 3rd period - Penalty to Jason Zucker is over, Jason Zucker is back on ice.
15:58 of 3rd period - Wrist shot by John Klingberg.
15:58 of 3rd period - Stopped by Alex Nedeljkovic with a rebound.
16:13 of 3rd period - Penalty to Brent Seabrook is over, Brent Seabrook is back on ice.
16:50 of 3rd period - Wrist shot by Ben Smith.
16:50 of 3rd period - Stopped by Martin Jones with a rebound.
17:04 of 3rd period - Wrist shot by Brendan Lemieux.
17:04 of 3rd period - Shot Blocked by Brayden Schenn.
17:06 of 3rd period - Wrist shot by Ben Smith.
17:06 of 3rd period - Shot Misses the Net.
17:08 of 3rd period - Slapshot by John Carlson.
17:08 of 3rd period - Shot Blocked by Jon Merrill.
17:27 of 3rd period - Wrist shot by Brendan Lemieux.
17:27 of 3rd period - Stopped by Martin Jones without a rebound.
17:28 of 3rd period - Patrice Bergeron wins face-off versus Bo Horvat in Maple Leafs zone.
17:29 of 3rd period - Snap shot by Jimmy Vesey.
17:29 of 3rd period - Stopped by Martin Jones without a rebound.
17:30 of 3rd period - Patrice Bergeron wins face-off versus Bo Horvat in Maple Leafs zone.
18:21 of 3rd period - Slapshot by Elias Pettersson.
18:21 of 3rd period - Stopped by Alex Nedeljkovic with a rebound.
18:35 of 3rd period - Slapshot by Evgeni Malkin.
18:35 of 3rd period - Stopped by Martin Jones without a rebound.
18:36 of 3rd period - Elias Pettersson wins face-off versus Patrice Bergeron in Maple Leafs zone.
19:01 of 3rd period - Wrist shot by John Carlson.
19:01 of 3rd period - Stopped by Martin Jones without a rebound.
19:02 of 3rd period - Patrice Bergeron wins face-off versus Bo Horvat in Maple Leafs zone.
19:09 of 3rd period - Wrist shot by Patrice Bergeron.
19:09 of 3rd period - Shot Blocked by John Klingberg.
19:11 of 3rd period - Wrist shot by Brock Boeser.
19:11 of 3rd period - Shot Misses the Net.
19:13 of 3rd period - Snap shot by Brock Boeser.
19:13 of 3rd period - Stopped by Martin Jones with a rebound.
19:28 of 3rd period - Off-side.
19:29 of 3rd period - Antoine Vermette wins face-off versus Elias Pettersson in neutral zone.
Goals for this period are 0 for Maple Leafs vs 0 for Lightning.
Shots for this period are 4 for Maple Leafs vs 11 for Lightning.